 Dungeon Crawl Stone Soup version 0.28-a0-1382-g92835e5c71 (webtiles) character file.

Game seed: 11891548400877741367

107 bande the Covered (level 4, 0/29 HPs)
             Began as a Gargoyle Fighter on Jan 2, 2022.
             Slain by a gnoll (3 damage)
             ... on level 2 of the Dungeon.
             The game lasted 00:03:43 (2506 turns).

bande the Covered (Gargoyle Fighter)                Turns: 2506, Time: 00:03:44

Health: 0/29       AC: 10    Str: 19    XL:     4   Next: 85%
Magic:  4/4        EV:  9    Int:  9    God:
Gold:   49         SH:  4    Dex: 11    Spells: 3/3 levels left

rFire   . . .      SeeInvis .   a - +0 war axe (elec)
rCold   . . .      Faith    .   c - +0 buckler
rNeg    + . .      Spirit   .   b - +0 scale mail
rPois   ∞          Reflect  .   (no helmet)
rElec   +          Harm     .   (no cloak)
rCorr   .          Rampage  .   (no gloves)
Will    .....                   (no boots)
Stlth   ..........              (no amulet)
HPRegen 0.09/turn               (no ring)
MPRegen 0.09/turn               (no ring)

@: no status effects
A: sickness immunity, AC +3, negative energy resistance 1, electricity
resistance, torment resistance 1, petrification resistance
a: no special abilities


You were on level 2 of the Dungeon.
You visited 1 branch of the dungeon, and saw 3 of its levels.

You collected 49 gold pieces.

Inventory:

Hand Weapons
 a - a +0 war axe of electrocution (weapon)
Armour
 b - a +0 scale mail (worn)
 c - a +0 buckler (worn)
Scrolls
 h - a scroll of teleportation
Potions
 d - a potion of might
 e - a potion of magic {unknown}
 f - a potion of resistance {unknown}
 g - a potion of lignification {unknown}
 i - a potion of ambrosia {unknown}


   Skills:
 + Level 3.8 Fighting
 + Level 3.3 Axes
 + Level 3.9 Armour
 + Level 3.7 Shields


You had 3 spell levels left.
You didn't know any spells.
Your spell library was empty.

Dungeon Overview and Level Annotations

Branches:
Dungeon (3/15)

Altars:


Innate Abilities, Weirdness & Mutations

You are immune to sickness and miasma.
Your stone body is resilient. (AC +3)
You are immune to poison.
You resist negative energy. (rN+)
You are resistant to electric shocks. (rElec)
You are resistant to unholy torment.
You are immune to petrification.


Message History

You start resting.
HP restored.
You climb downwards.
There is a stone staircase leading up here.
The gnoll hits you but does no damage.
You climb upwards.
There is a stone staircase leading down here.
You hit the gnoll but do no damage. The gnoll barely misses you.
You slash the gnoll!
The gnoll is severely wounded.
The gnoll barely misses you. The gnoll closely misses you.
You hit the gnoll but do no damage. Lightning courses through the gnoll!
You kill the gnoll!
No target in view!
No target in view!
No target in view!
No target in view!
You climb downwards.
The gnoll sergeant hits you but does no damage.
There is a stone staircase leading up here.
The gnoll hits you but does no damage. The gnoll hits you with a +0 whip.
The gnoll sergeant hits you from afar with a +0 trident!
You climb upwards.
There is a stone staircase leading down here.
You are too injured to fight recklessly!
You are too injured to fight recklessly!
You barely miss the gnoll. The gnoll hits you but does no damage.
You hit the gnoll.
The gnoll is moderately wounded.
The gnoll hits you with a +0 whip.
* * * LOW HITPOINT WARNING * * *
The gnoll hits you with a +0 whip.
* * * LOW HITPOINT WARNING * * *
You closely miss the gnoll.
The gnoll is moderately wounded.
The gnoll barely misses you.
You hit the gnoll.
The gnoll is moderately wounded.
The gnoll hits you with a +0 whip.
You die...

#.....)# ##.##.##.###
..###### #........#
.## ##..##.#### .#
######...##.# ##
#......#.##†# #
#.######.##.# # ##.#
#.##.## ####..#
#.##g)# .....##
#.###@# .##### #.#
#)# ## #.# #.#
############.# #.#
..........##.###.####
#########....#......#
.............#......#
############........#
###......#


You could see a gnoll.

Vanquished Creatures
  2 gnolls (D:2)
  4 adders (D:2)
  A worm (D:3)
  A dart slug (D:1)
  5 orcs (D:3)
  4 bats
  2 endoplasms
  2 giant cockroaches
  A goblin (D:2)
  3 hobgoblins
  2 quokkas
  A ball python (D:1)
  2 frilled lizards
  10 kobolds
  5 rats
45 creatures vanquished.

Notes
Turn   | Place    | Note
-------+----------+-------------------------------------------
     0 | D:1      | bande the Gargoyle Fighter began the quest for the Orb.
     0 | D:1      | Reached XP level 1. HP: 14/14 MP: 1/1
   199 | D:1      | Found a faded altar of an unknown god.
   478 | D:1      | Reached XP level 2. HP: 19/19 MP: 2/2
  1319 | D:2      | Reached XP level 3. HP: 21/23 MP: 3/3
  1649 | D:2      | Reached XP level 4. HP: 17/29 MP: 4/4
  2205 | D:3      | Noticed a gnoll sergeant
  2506 | D:2      | Slain by a gnoll

Illustrated notes

Levels and vault maps discovered:
D:1:      amcnicky_arrival_double_pillar, layout_basic, serial_forest,
          infiniplex_forest_lined_corner, infiniplex_forest_end_1,
          infiniplex_forest_lined_room_3, infiniplex_forest_clump_diagonal,
          infiniplex_forest_lined_3, infiniplex_forest_lined_2,
          infiniplex_forest_clump_tiny, infiniplex_forest_clump_large,
          shapermc_ecumenical_altar_totnotflames, minmay_misc_feat_chi
D:2:      layout_rooms, minmay_misc_feat_more_columns
D:3:      layout_loops_cross, hangedman_glass_teeth, minmay_misc_feat_five,
          grunt_ministairs_1

Skill      XL: |  1  2  3  4 |
---------------+-------------+-----
Axes           | 2 3 |  3.3
Fighting       | |  3.8
Armour         | |  3.9
Shields        | |  3.7

Action                   |  1- 3 |  4- 6 || total
-------------------------+-------+-------++-------
Melee: War axe           |    77 |    42 ||   119
  Use: Scroll            |     6 |       ||     6
Armor: Scale mail        |    34 |    51 ||    85
Dodge: Dodged            |    38 |    34 ||    72
Block: Buckler           |    29 |    18 ||    47

Table legend: (Time is in decaauts)
 A = Elapsed time spent in this place.
 B = Non-inter-level travel time spent in this place.
 C = Inter-level travel time spent in this place.
 D = Time resting spent in this place.
 E = Time spent auto-exploring this place.
 F = Levels seen in this place.
 G = Mean time per level.
                   A        B        C        D        E       F      G
               +--------+--------+--------+--------+--------+-----+--------+
         Total |   2556 |   2556 |      0 |    359 |   1746 |   3 |  852.0 |
       Dungeon |   2556 |   2556 |      0 |    359 |   1746 |   3 |  852.0 |
               +--------+--------+--------+--------+--------+-----+--------+

Top non-repeatable levels by time:
     D:1: 1444 daAuts
     D:2: 864 daAuts
     D:3: 246 daAuts
